NYP
SALEM-KEIZER VOLCANOES @ WILLIAMSPORT CROSSCUTTERS
07/17/2049
 
TOP OF THE 1ST
Salem-Keizer Volcanoes batting - Pitching for Williamsport Crosscutters : LHP Jonathan Monroy
Pitching: LHP Jonathan Monroy
Batting: LHB Joe Hoover 0-0: Ball
1-0: Ball
2-0: Foul Ball, location: 2F
2-1: Ground out 5-3 (Groundball, 56S, EV 81.9 MPH)
Batting: LHB Chris Raymond 0-0: Foul Ball, location: 2F
0-1: Ball
1-1: Fly out, F7 (Flyball, 7LSF, EV 97.5 MPH)
Batting: RHB Tony Logan 0-0: Ball
1-0: Fly out, F8 (Flyball, 8RD, EV 93.8 MPH)
Top of the 1st over - 0 runs, 0 hits, 0 errors, 0 left on base; Salem-Keizer 0 - Williamsport 0
BOTTOM OF THE 1ST
Williamsport Crosscutters batting - Pitching for Salem-Keizer Volcanoes : RHP Dave Marcelino
Pitching: RHP Dave Marcelino
Batting: RHB Eddie Serna 0-0: Called Strike
0-1: Ball
1-1: Swinging Strike
1-2: Ball
2-2: Ball
3-2: Strikes out swinging
Batting: LHB Ryan Young 0-0: Ball
1-0: Ball
2-0: Swinging Strike
2-1: Foul Ball, location: 2F
2-2: Foul Ball, location: 2F
2-2: Ball
3-2: Ground out U3 (Groundball, 3L, EV 101.9 MPH)
Batting: LHB Jean-Claude Vanbiesbrouck 0-0: Ball
1-0: Foul Ball, location: 2F
1-1: SINGLE (Line Drive, 89S, EV 105.0 MPH)
Batting: LHB Jason Duda 0-0: Called Strike
Jean-Claude Vanbiesbrouck is caught stealing 2nd base 2-6
Bottom of the 1st over - 0 runs, 1 hit, 0 errors, 0 left on base; Salem-Keizer 0 - Williamsport 0
TOP OF THE 2ND
Salem-Keizer Volcanoes batting - Pitching for Williamsport Crosscutters : LHP Jonathan Monroy
Batting: LHB Tom Reynolds 0-0: Called Strike
0-1: Foul Ball, location: 2F
0-2: Foul Ball, location: 2F
0-2: Ball
1-2: Ball
2-2: Strikes out swinging
Batting: RHB Tony Harper 0-0: Ball
1-0: Swinging Strike
1-1: Ball
2-1: Ball
3-1: Base on Balls
Batting: LHB Mike Sammons 0-0: Hit by Pitch
Tony Harper to second
Batting: RHB Shinji Aizawa 0-0: Ball
1-0: Foul Ball, location: 2F
1-1: Foul Ball, location: 2F
1-2: Ball
2-2: Fielders Choice at 2nd, 6-4 (Groundball, 6M, EV 93.1 MPH)
Tony Harper to third
Batting: RHB Andy Cunningham 0-0: Ball
1-0: Called Strike
1-1: Ball
2-1: Ball
3-1: Called Strike
3-2: Base on Balls
Shinji Aizawa to second
Batting: RHB Lee Deason 0-0: Called Strike
0-1: Ball
1-1: Foul Ball, location: 2F
1-2: Ball
2-2: Foul Ball, location: 2F
2-2: Ground out 5-3 (Groundball, 56S, EV 88.8 MPH)
Top of the 2nd over - 0 runs, 0 hits, 0 errors, 3 left on base; Salem-Keizer 0 - Williamsport 0
BOTTOM OF THE 2ND
Williamsport Crosscutters batting - Pitching for Salem-Keizer Volcanoes : RHP Dave Marcelino
Batting: LHB Jason Duda 0-0: Ball
1-0: Ball
2-0: Foul Ball, location: 2F
2-1: Ground out 5-3 (Groundball, 56S, EV 92.5 MPH)
Batting: LHB Travis Hahn 0-0: Ball
1-0: Foul Ball, location: 2F
1-1: Foul Ball, location: 2F
1-2: Ball
2-2: Foul Ball, location: 2F
2-2: Foul Ball, location: 2F
2-2: Ball
3-2: Foul Ball, location: 2F
3-2: Strikes out swinging
Batting: LHB Dennis French 0-0: Foul Ball, location: 2F
0-1: Called Strike
0-2: Strikes out swinging
Bottom of the 2nd over - 0 runs, 0 hits, 0 errors, 0 left on base; Salem-Keizer 0 - Williamsport 0
TOP OF THE 3RD
Salem-Keizer Volcanoes batting - Pitching for Williamsport Crosscutters : LHP Jonathan Monroy
Batting: LHB Joe Hoover 0-0: Bunt missed!
0-1: Hit by Pitch
Batting: LHB Chris Raymond 0-0: Called Strike
0-1: Ball
1-1: Fielders Choice at 2nd, 6-4 (Groundball, 6, EV 102.5 MPH)
Batting: RHB Tony Logan 0-0: Ball
1-0: Foul Ball, location: 2F
1-1: Swinging Strike
1-2: Ball
2-2: Foul Ball, location: 2F
2-2: Foul Ball, location: 2F
2-2: Foul Ball, location: 2F
2-2: Hit by Pitch
Chris Raymond to second
Batting: LHB Tom Reynolds 0-0: Foul Ball, location: 2F
0-1: SINGLE (Flyball, 89M, EV 85.6 MPH)
Chris Raymond to third
Tony Logan to second
Batting: RHB Tony Harper 0-0: Called Strike
0-1: Ball
Wild Pitch!
Chris Raymond scores
Tony Logan to third
Tom Reynolds to second
1-1: Ball
2-1: Ball
3-1: Ground out 5-3 (Groundball, 15, EV 85.0 MPH)
Tony Logan scores
Batting: LHB Mike Sammons 0-0: Ball
1-0: Ball
2-0: Ball
3-0: Base on Balls
Batting: RHB Shinji Aizawa 0-0: Foul Ball, location: 2F
0-1: Ball
1-1: Ball
Wild Pitch!
Tom Reynolds to third
Mike Sammons to second
2-1: Swinging Strike
2-2: Strikes out swinging
Top of the 3rd over - 2 runs, 1 hit, 0 errors, 2 left on base; Salem-Keizer 2 - Williamsport 0
BOTTOM OF THE 3RD
Williamsport Crosscutters batting - Pitching for Salem-Keizer Volcanoes : RHP Dave Marcelino
Batting: RHB Simon Mergeni 0-0: Called Strike
0-1: Ball
1-1: Called Strike
1-2: Ball
2-2: Strikes out swinging
Batting: LHB Bryant Dill 0-0: Foul Ball, location: 2F
0-1: Ball
1-1: Called Strike
1-2: Foul Ball, location: 2F
1-2: Foul Ball, location: 2F
1-2: Foul Ball, location: 2F
1-2: Ground out 6-3 (Groundball, 6M, EV 88.8 MPH)
Batting: RHB Rafael Soto 0-0: Called Strike
0-1: Called Strike
0-2: Ball
1-2: Strikes out looking
Bottom of the 3rd over - 0 runs, 0 hits, 0 errors, 0 left on base; Salem-Keizer 2 - Williamsport 0
TOP OF THE 4TH
Salem-Keizer Volcanoes batting - Pitching for Williamsport Crosscutters : LHP Jonathan Monroy
Batting: RHB Andy Cunningham 0-0: Foul Ball, location: 2F
0-1: Ball
1-1: Ground out 6-3 (Groundball, 6M, EV 88.8 MPH)
Batting: RHB Lee Deason 0-0: Called Strike
0-1: Ball
1-1: Foul Ball, location: 2F
1-2: Strikes out looking
Batting: LHB Joe Hoover 0-0: Called Strike
0-1: Ground out 4-3 (Groundball, 4, EV 103.8 MPH)
Top of the 4th over - 0 runs, 0 hits, 0 errors, 0 left on base; Salem-Keizer 2 - Williamsport 0
BOTTOM OF THE 4TH
Williamsport Crosscutters batting - Pitching for Salem-Keizer Volcanoes : RHP Dave Marcelino
Batting: RHB Eddie Serna 0-0: Ball
1-0: Foul Ball, location: 2F
1-1: Foul Ball, location: 2F
1-2: Strikes out swinging
Batting: LHB Ryan Young 0-0: Called Strike
0-1: SINGLE (Line Drive, 8RS, EV 94.4 MPH)
Batting: LHB Jean-Claude Vanbiesbrouck 0-0: Ball
1-0: Ball
Ryan Young is caught stealing 2nd base 2-6
2-0: Ground out 4-3 (Groundball, 4, EV 90.6 MPH)
Bottom of the 4th over - 0 runs, 1 hit, 0 errors, 0 left on base; Salem-Keizer 2 - Williamsport 0
TOP OF THE 5TH
Salem-Keizer Volcanoes batting - Pitching for Williamsport Crosscutters : LHP Jonathan Monroy
Batting: LHB Chris Raymond 0-0: Ball
1-0: Foul Ball, location: 2F
1-1: Ball
2-1: Swinging Strike
2-2: Foul Ball, location: 2F
2-2: Fly out, F7 (Line Drive, 7D, EV 110.0 MPH)
Pitching: RHP George Crousse
Batting: RHB Tony Logan 0-0: Called Strike
0-1: Ball
1-1: Reached on error, E5 (Groundball, 56, EV 100.6 MPH)
Batting: LHB Tom Reynolds 0-0: Ball
1-0: Called Strike
1-1: Called Strike
1-2: Strikes out swinging
Batting: RHB Tony Harper 0-0: Ball
1-0: Ball
2-0: SINGLE (Groundball, 56, EV 98.1 MPH)
Tony Logan to second
Batting: LHB Mike Sammons 0-0: Ball
1-0: Swinging Strike
1-1: Ball
2-1: Ball
3-1: Foul Ball, location: 2F
3-2: Foul Ball, location: 2F
3-2: Base on Balls
Tony Logan to third
Tony Harper to second
Batting: RHB Shinji Aizawa 0-0: Ball
1-0: Ball
2-0: Called Strike
2-1: Fly out, F8 (Flyball, 78S, EV 80.0 MPH)
Top of the 5th over - 0 runs, 1 hit, 1 error, 3 left on base; Salem-Keizer 2 - Williamsport 0
BOTTOM OF THE 5TH
Williamsport Crosscutters batting - Pitching for Salem-Keizer Volcanoes : RHP Dave Marcelino
Batting: LHB Jason Duda 0-0: Foul Ball, location: 2F
0-1: Ball
1-1: Ball
2-1: DOUBLE (Groundball, 3L, EV 100.0 MPH)
Batting: LHB Travis Hahn 0-0: Ball
1-0: Called Strike
1-1: Swinging Strike
1-2: Strikes out looking
Batting: LHB Dennis French 0-0: Called Strike
0-1: Called Strike
0-2: Strikes out looking
Batting: RHB Simon Mergeni 0-0: Called Strike
0-1: Ball
1-1: Swinging Strike
1-2: Strikes out swinging
Bottom of the 5th over - 0 runs, 1 hit, 0 errors, 1 left on base; Salem-Keizer 2 - Williamsport 0
TOP OF THE 6TH
Salem-Keizer Volcanoes batting - Pitching for Williamsport Crosscutters : RHP George Crousse
Batting: RHB Andy Cunningham 0-0: Fly out, F8 (Line Drive, 8RM, EV 90.0 MPH)
Batting: RHB Lee Deason 0-0: Ball
1-0: Hit by Pitch
Batting: LHB Joe Hoover 0-0: Called Strike
0-1: Ball
Lee Deason steals 2nd base
1-1: Ground out 4-3 (Groundball, 4M, EV 88.8 MPH)
Lee Deason to third
Batting: LHB Chris Raymond 0-0: Fly out, F8 (Flyball, 8LD, EV 82.5 MPH)
Top of the 6th over - 0 runs, 0 hits, 0 errors, 1 left on base; Salem-Keizer 2 - Williamsport 0
BOTTOM OF THE 6TH
Williamsport Crosscutters batting - Pitching for Salem-Keizer Volcanoes : RHP Dave Marcelino
Batting: LHB Bryant Dill 0-0: Swinging Strike
0-1: Ground out 5-3 (Groundball, 56, EV 101.9 MPH)
Batting: RHB Rafael Soto 0-0: Called Strike
0-1: SINGLE (Groundball, 4M, EV 96.9 MPH) (infield hit)
Batting: RHB Eddie Serna 0-0: Ball
Passed Ball!
Rafael Soto to second
1-0: Called Strike
1-1: Called Strike
1-2: Ball
2-2: Ground out 5-3 (Groundball, 56, EV 81.9 MPH)
Batting: LHB Ryan Young 0-0: Swinging Strike
0-1: TRIPLE (Line Drive, 9LD, EV 108.8 MPH)
Rafael Soto scores
Pitching: RHP Emilio Gonzalez
Batting: LHB Jean-Claude Vanbiesbrouck 0-0: Ball
Wild Pitch!
Ryan Young scores
1-0: Called Strike
1-1: Ball
2-1: Called Strike
2-2: Foul Ball, location: 2F
2-2: Strikes out swinging
Bottom of the 6th over - 2 runs, 2 hits, 0 errors, 0 left on base; Salem-Keizer 2 - Williamsport 2
TOP OF THE 7TH
Salem-Keizer Volcanoes batting - Pitching for Williamsport Crosscutters : RHP George Crousse
Pitching: RHP Tim Starks
Batting: RHB Tony Logan 0-0: Ball
1-0: Called Strike
1-1: Ball
2-1: Ball
3-1: Base on Balls
Batting: LHB Tom Reynolds 0-0: Ball
1-0: Foul Ball, location: 2F
1-1: Ball
2-1: Ball
3-1: Base on Balls
Tony Logan to second
Pinch Hitting: LHB Ben Radach 0-0: Ball
1-0: Ball
2-0: SINGLE (Flyball, 78S, EV 90.6 MPH)
Tony Logan to third
Tom Reynolds to second
Batting: LHB Mike Sammons 0-0: Called Strike
0-1: Ball
1-1: Ball
2-1: Foul Ball, location: 2F
2-2: Ball
3-2: SINGLE (Groundball, 56, EV 108.8 MPH)
Tony Logan scores
Tom Reynolds to third
Ben Radach to second
Runner from 3rd tries for Home, SAFE, throw by LF to home
Pinch Hitting: LHB Adrian Navarro 0-0: Ball
1-0: Called Strike
1-1: Foul Ball, location: 2F
1-2: Ball
2-2: Ball
3-2: Base on Balls
Ben Radach to third
Mike Sammons to second
Batting: RHB Andy Cunningham 0-0: Ball
1-0: Ball
2-0: Ball
3-0: Base on Balls
Ben Radach scores
Mike Sammons to third
Adrian Navarro to second
Pinch Hitting: LHB Chris Morgan 0-0: Called Strike
0-1: Called Strike
0-2: Ball
1-2: Strikes out swinging
Batting: LHB Joe Hoover 0-0: Ball
1-0: Ball
2-0: Called Strike
2-1: Ball
3-1: Foul Ball, location: 2F
3-2: Foul Ball, location: 2F
3-2: Base on Balls
Mike Sammons scores
Adrian Navarro to third
Andy Cunningham to second
Pitching: LHP Chad Torres
Batting: LHB Chris Raymond 0-0: Fielders Choice at 2nd, 5-4 (Groundball, 56, EV 84.4 MPH)
Adrian Navarro scores
Andy Cunningham to third
Batting: RHB Tony Logan 0-0: Called Strike
0-1: Ball
1-1: Hit by Pitch
Chris Raymond to second
Batting: LHB Tom Reynolds 0-0: Called Strike
0-1: Ball
1-1: Ball
2-1: Ground out 6-3 (Groundball, 6S, EV 68.8 MPH)
Top of the 7th over - 5 runs, 2 hits, 0 errors, 3 left on base; Salem-Keizer 7 - Williamsport 2
BOTTOM OF THE 7TH
Williamsport Crosscutters batting - Pitching for Salem-Keizer Volcanoes : RHP Emilio Gonzalez
Now at 1B: Chris Morgan
Now at 2B: Chris Raymond
Now at 3B: Tony Logan
Now at SS: Jim Begger
Now in RF: Teruhide Horiuchi
Batting: LHB Jason Duda 0-0: Called Strike
0-1: Fly out, F8 (Flyball, 8RD, EV 95.6 MPH)
Batting: LHB Travis Hahn 0-0: Called Strike
0-1: Called Strike
0-2: Ball
1-2: Foul Ball, location: 2F
1-2: SOLO HOME RUN (Flyball, 7D, EV 95.0 MPH), Distance : 361 ft
Batting: LHB Dennis French 0-0: Ball
1-0: Called Strike
1-1: Swinging Strike
1-2: Strikes out swinging
Batting: RHB Simon Mergeni 0-0: Ball
1-0: Ball
2-0: TRIPLE (Flyball, 89XD, EV 93.1 MPH)
Batting: LHB Bryant Dill 0-0: Called Strike
0-1: Ball
1-1: Swinging Strike
1-2: Ball
2-2: Foul Ball, location: 2F
2-2: Ground out 5-3 (Groundball, 56S, EV 86.9 MPH)
Bottom of the 7th over - 1 run, 2 hits, 0 errors, 1 left on base; Salem-Keizer 7 - Williamsport 3
TOP OF THE 8TH
Salem-Keizer Volcanoes batting - Pitching for Williamsport Crosscutters : LHP Chad Torres
Batting: RHB Teruhide Horiuchi 0-0: Foul Ball, location: 2F
0-1: Ground out 6-3 (Groundball, 6, EV 106.2 MPH)
Batting: LHB Mike Sammons 0-0: Ball
1-0: Swinging Strike
1-1: Ball
2-1: Swinging Strike
2-2: DOUBLE (Line Drive, 7LS, EV 98.1 MPH)
Batting: RHB Jim Begger 0-0: Ball
1-0: Called Strike
1-1: Ball
2-1: Ball
3-1: Foul Ball, location: 2F
3-2: Foul Ball, location: 2F
3-2: Fly out, F7 (Flyball, 7D, EV 94.4 MPH)
Runner from 2nd tags up, SAFE at 3rd with throw by LF
Batting: RHB Andy Cunningham 0-0: Called Strike
0-1: Ground out 6-3 (Groundball, 6M, EV 87.5 MPH)
Top of the 8th over - 0 runs, 1 hit, 0 errors, 1 left on base; Salem-Keizer 7 - Williamsport 3
BOTTOM OF THE 8TH
Williamsport Crosscutters batting - Pitching for Salem-Keizer Volcanoes : RHP Emilio Gonzalez
Now in CF: Houston Brock
Now in RF: Andy Cunningham
Batting: RHB Rafael Soto 0-0: Called Strike
0-1: Ball
1-1: Ball
2-1: Foul Ball, location: 2F
2-2: Ball
3-2: Foul Ball, location: 2F
3-2: Base on Balls
Batting: RHB Eddie Serna 0-0: DOUBLE (Flyball, 89D, EV 91.9 MPH)
Rafael Soto to third
Runner from 3rd tries for Home, SAFE, no throw by RF
Pitching: LHP Eric Larsen
Batting: LHB Ryan Young 0-0: Ground out 6-3 (Groundball, 4M, EV 103.8 MPH)
Eddie Serna to third
Batting: LHB Jean-Claude Vanbiesbrouck 0-0: Ball
1-0: Foul Ball, location: 2F
1-1: Foul Ball, location: 2F
1-2: Strikes out swinging
Batting: LHB Jason Duda 0-0: Hit by Pitch
Batting: LHB Travis Hahn 0-0: Foul Ball, location: 2F
0-1: Ball
1-1: SINGLE (Line Drive, 8LS, EV 99.4 MPH)
Eddie Serna scores
Jason Duda to second
Pinch Hitting: RHB Steve Kirby 0-0: Called Strike
0-1: Fly out, F9 (Flyball, 9S, EV 93.1 MPH)
Bottom of the 8th over - 2 runs, 2 hits, 0 errors, 2 left on base; Salem-Keizer 7 - Williamsport 5
TOP OF THE 9TH
Salem-Keizer Volcanoes batting - Pitching for Williamsport Crosscutters : LHP Chad Torres
Now in LF: Ryan Young
Now in RF: Steve Kirby
Pinch Hitting: RHB Matt Fabre 0-0: Foul Ball, location: 2F
0-1: Foul Ball, location: 2F
0-2: Ground out U3 (Groundball, 34S, EV 85.6 MPH)
Batting: LHB Joe Hoover 0-0: Foul Ball, location: 2F
0-1: Ball
1-1: Ball
2-1: Ball
3-1: Foul Ball, location: 2F
3-2: Strikes out swinging
Pitching: RHP Dave Gomez
Batting: LHB Chris Raymond 0-0: Called Strike
0-1: Ball
1-1: Foul Ball, location: 2F
1-2: Foul Ball, location: 2F
1-2: Ground out 6-3 (Groundball, 6, EV 81.9 MPH)
Top of the 9th over - 0 runs, 0 hits, 0 errors, 0 left on base; Salem-Keizer 7 - Williamsport 5
BOTTOM OF THE 9TH
Williamsport Crosscutters batting - Pitching for Salem-Keizer Volcanoes : LHP Eric Larsen
Pitching: RHP Kenjyu Watanabe
Now at 1B: J.R. Roberts
Now in LF: Mario Mendoza
Batting: RHB Simon Mergeni 0-0: Ball
1-0: Ball
2-0: Swinging Strike
2-1: Swinging Strike
2-2: Ball
3-2: Strikes out swinging
Batting: LHB Bryant Dill 0-0: Ball
1-0: Called Strike
1-1: Ball
2-1: Foul Ball, location: 2F
2-2: Fly out, F4 (Line Drive, 4M, EV 57.5 MPH)
Batting: RHB Rafael Soto 0-0: Foul Ball, location: 2F
0-1: Foul Ball, location: 2F
0-2: Strikes out swinging
Bottom of the 9th over - 0 runs, 0 hits, 0 errors, 0 left on base; Salem-Keizer 7 - Williamsport 5
Sunday, July 16th , 2023 - OOTP Baseball 24.6 Build 69